 Dungeon Sprint DCSS version 0.22.1-1-ga44c0e5 (webtiles) character file.

244 aMcNicky the Severer (level 8, -6/85 HPs)
             Began as a Minotaur Fighter on Nov 10, 2018.
             Was a High Priest of Dithmenos.
             Mangled by a giant anaconda (15 damage)
             ... in the Dungeon (Sprint VI: "Thunderdome").
             The game lasted 00:10:02 (586 turns).

aMcNicky the Severer (Minotaur Fighter)              Turns: 586, Time: 00:10:02

Health: -6/85      AC:  7    Str: 34    XL:     8   Next: 30%
Magic:  0/7        EV:  7    Int:  9    God:    Dithmenos [*****.]
Gold:   285        SH: 11    Dex: 15    Spells: 7/7 levels left

rFire    . . .     SeeInvis .   a - +0 war axe
rCold    . . .     Gourm    .   c - +0 shield
rNeg     . . .     Faith    .   b - +0 scale mail
rPois    .         Spirit   +   (helmet restricted)
rElec    +         Reflect  .   (no cloak)
rCorr    .         Harm     .   (no gloves)
MR       .....     NoTele   +   (no boots)
Stlth    ..........             s - amulet of Dithmenos's Favour {Spirit rElec MR- Str+7 Int-3}
HPRegen  0.24/turn              g - ring "Neluaj" {rElec Int+7 Stlth-}
MPRegen  0.10/turn              t - ring of Miracles {+Fly Str+4 Dex+5}

@: hasted, wreathed by umbra, constricted, very quick
A: retaliatory headbutt, horns 2
a: Shadow Step, Shadow Form, Renounce Religion, Evoke Flight


You were in the Dungeon.
You worshipped Dithmenos.
Dithmenos was extremely pleased with you.
You were not hungry.

You visited 1 branch You collected 600 gold pieces.
You spent 315 gold pieces at shops.

Inventory:

Hand Weapons
 a - a +0 war axe (weapon)
Armour
 b - a +0 scale mail (worn)
 c - a +0 shield (worn)
Jewellery
 d - the ring "Ilitul" {Fire rElec Str+3}
   (You bought it in a shop in the Dungeon)

   [ring of fire]

   It enhances your fire magic.
   It affects your strength (+3).
   It protects you from fire.
   It makes you vulnerable to cold.
   It insulates you from electricity.
 g - the ring "Neluaj" (left hand) {rElec Int+7 Stlth-}
   (You bought it in a shop in the Dungeon)

   [ring of attention]

   It affects your intelligence (+7).
   It insulates you from electricity.
   It makes you less stealthy.
 j - the ring "Poekhot" {Int+4 SInv}
   (You bought it in a shop in the Dungeon)

   [ring of see invisible]

   It affects your intelligence (+4).
   It lets you see invisible.
 q - the ring of Kuhemn {rCorr rF- rC- MR+++ Int+8}
   (You bought it in a shop in the Dungeon)

   [ring of resist corrosion]

   It affects your intelligence (+8).
   It makes you vulnerable to fire.
   It makes you vulnerable to cold.
   It affects your resistance to hostile enchantments.
 r - the ring of Xom's Fair Game {+Fly rPois rN+ MR-}
   (You bought it in a shop in the Dungeon)

   [ring of positive energy]

   It protects you from poison.
   It protects you from negative energy.
   It affects your resistance to hostile enchantments.
   It lets you fly.
 s - the amulet of Dithmenos's Favour (around neck) {Spirit rElec MR- Str+7 Int-3}
   (You bought it in a shop in the Dungeon)

   [amulet of guardian spirit]

   It causes incoming damage to be split between your health and magic.
   It affects your strength (+7).
   It affects your intelligence (-3).
   It insulates you from electricity.
   It affects your resistance to hostile enchantments.
 t - the ring of Miracles (right hand) {+Fly Str+4 Dex+5}
   (You bought it in a shop in the Dungeon)

   [ring of flight]

   It affects your strength (+4).
   It affects your dexterity (+5).
   It lets you fly.
Wands
 l - a wand of acid (5)
 m - a wand of iceblast (5)
Scrolls
 k - 4 scrolls of blinking
 n - 3 scrolls of fog
Potions
 e - a potion of curing {@q1}
 h - a potion of haste {@q3}
 i - 3 potions of magic
 o - a potion of resistance
Comestibles
 f - a ration {@e1}
 p - 5 chunks of flesh


   Skills:
 + Level 12.4 Fighting
 * Level 16.2 Axes
 + Level 5.7 Armour
 + Level 3.7 Dodging
 - Level 3.6 Shields


You had 7 spell levels left.
You didn't know any spells.
Your spell library was empty.

Dungeon Overview and Level Annotations

Branches:
Dungeon (1/1)

Altars:
Cheibriados
Dithmenos
Fedhas
Gozag
Kikubaaqudgha
Makhleb
Okawaru
Qazlal
Ru
Sif Muna
Trog
Uskayaw
Vehumet
Wu Jian
Xom
Yredelemnul
Zin
The Shining One
Beogh
Jiyva
Lugonu

Shops:
D *[%??*?*:[((!!!!


Innate Abilities, Weirdness & Mutations

You reflexively headbutt those who attack you in melee.
You have a pair of horns on your head.


Message History

You hit the giant anaconda.
Your headbutt misses the giant anaconda.
The giant anaconda is severely wounded.
The giant anaconda bites you.
* * * LOW HITPOINT WARNING * * *
x2 The giant anaconda constricts you.
You block the giant anaconda's attack.
* * * LOW HITPOINT WARNING * * *
The giant anaconda constricts you.
You feel yourself speed up. The giant anaconda bites you.
* * * LOW HITPOINT WARNING * * *
x2 The giant anaconda constricts you.
The giant anaconda bites you!
* * * LOW HITPOINT WARNING * * *
x2 The giant anaconda constricts you.
You slash the giant anaconda!
Your headbutt misses the giant anaconda.
The giant anaconda is almost dead.
Your shield prevents you from hitting the giant anaconda.
The giant anaconda is almost dead.
The giant anaconda bites you!
You die...

##### ##⌠⌠⌠## #.....# ##.....##
##∩.....∩## #∩.......∩#
#_......._# #..@S.....#
#_......._# ###.........###
#÷...........⌠#
######.8.........8.######
##∩___......###......___∩##
###∩........8.# #.8........∩##
##...........((###.............
#⌠........((###...###..........


You could see a giant anaconda.

Vanquished Creatures
  A spiny frog (D)
  A rime drake (D)
  A blink frog (D)
  A water moccasin (D)
  3 ice beasts (D)
  A bullfrog (D)
  A howler monkey (D)
  Jessica (D)
  3 adders (D)
  An adder skeleton (D)
  3 ball pythons (D)
  A giant cockroach (D)
  A kobold (D)
  A bat simulacrum (D)
  A quokka simulacrum (D)
21 creatures vanquished.

Notes
Turn   | Place    | Note
-------+----------+-------------------------------------------
     0 | D        | aMcNicky the Minotaur Fighter began the quest for the Orb.
     0 | D        | Reached XP level 1. HP: 19/19 MP: 0/0
     2 | D        | Found a shadowy altar of Dithmenos.
     2 | D        | Found an ancient bone altar of Kikubaaqudgha.
     3 | D        | Found an ornate altar of the Wu Jian Council.
     3 | D        | Found a snail-covered altar of Cheibriados.
     4 | D        | Found a radiant altar of Vehumet.
     4 | D        | Found a hide-covered altar of Uskayaw.
     5 | D        | Found Nezxasae's Do-It-Yourself Clinic.
     5 | D        | Found a blossoming altar of Fedhas.
     5 | D        | Found a shimmering altar of Xom.
     5 | D        | Found Ahim's Distillery.
     5 | D        | Round 1.
     6 | D        | Found Wiphoxt's Bottled Wisdom.
     6 | D        | Found Siudew's Distillery.
    11 | D        | Became a worshipper of Dithmenos the Shadowed
    26 | D        | Found an opulent altar of Gozag.
    28 | D        | Found a deep blue altar of Sif Muna.
    28 | D        | Found Buyqef's Staff Store.
    28 | D        | Found Nebidwest's Must-Have Magic.
    29 | D        | Found Leckatheej's Magic Scroll Shop.
    34 | D        | Found Kynyi's Magic Scroll Shop.
    34 | D        | Found a sacrificial altar of Ru.
    34 | D        | Found a glowing golden altar of the Shining One.
    45 | D        | Found a viscous altar of Jiyva.
    47 | D        | Found a glowing silver altar of Zin.
    47 | D        | Found a roughly hewn altar of Beogh.
    47 | D        | Found Ufrogul's Delicious Food.
    47 | D        | Found Fuageuvi's Jewellery.
    48 | D        | Found Muhyjou's Advanced Armour.
    49 | D        | Found a burning altar of Makhleb.
    49 | D        | Found a stormy altar of Qazlal.
    49 | D        | Found Adghu's Identification Station.
    54 | D        | Reached skill level 3 in Axes
    63 | D        | Reached skill level 4 in Axes
    63 | D        | Reached XP level 2. HP: 25/28 MP: 1/1
    67 | D        | Noticed Jessica
    86 | D        | Reached * piety under Dithmenos
    86 | D        | Reached skill level 5 in Axes
    90 | D        | Killed Jessica
    90 | D        | Reached skill level 5 in Fighting
    90 | D        | Reached skill level 6 in Axes
    90 | D        | Reached XP level 3. HP: 37/37 MP: 2/2
   106 | D        | Bought a coiled iron ring for 45 gold pieces
   106 | D        | Bought a vibrating pewter ring for 45 gold pieces
   106 | D        | Identified the ring of Kuhemn {rCorr rF- rC- MR+++ Int+8}
                  | (You bought it in a shop in the Dungeon)
   107 | D        | Identified the ring of Xom's Fair Game {+Fly rPois rN+ MR-}
                  | (You bought it in a shop in the Dungeon)
   108 | D        | Bought a pitted diamond amulet for 45 gold pieces
   108 | D        | Bought a flickering turquoise ring for 45 gold pieces
   108 | D        | Identified the amulet of Dithmenos's Favour {Spirit rElec
                  | MR- Str+7 Int-3} (You bought it in a shop in the Dungeon)
   110 | D        | Identified the ring of Miracles {+Fly Str+4 Dex+5} (You
                  | bought it in a shop in the Dungeon)
   125 | D        | Found a basalt altar of Yredelemnul.
   127 | D        | Found an iron altar of Okawaru.
   127 | D        | Found a bloodstained altar of Trog.
   127 | D        | Found Fugulac's Premium Goods.
   127 | D        | Found Cyph's Miscellaneous Merchandise.
   130 | D        | Reached ** piety under Dithmenos
   130 | D        | Arena points: 14 (+14) [x2]
   130 | D        | Reached skill level 8 in Axes
   130 | D        | Reached XP level 4. HP: 39/45 MP: 1/3
   167 | D        | Found Wigekh's Basic Armour.
   172 | D        | Found Xeong's Weapon Rack.
   172 | D        | Found a corrupted altar of Lugonu.
   194 | D        | Round 2.
   199 | D        | Noticed a water moccasin
   207 | D        | Killed a water moccasin
   207 | D        | Reached skill level 11 in Axes
   207 | D        | Reached XP level 5. HP: 56/56 MP: 2/4
   215 | D        | Reached *** piety under Dithmenos
   226 | D        | Arena points: 56 (+42) [x3]
   267 | D        | Round 3.
   277 | D        | Noticed a blink frog
   278 | D        | Noticed a spiny frog
   296 | D        | Killed a spiny frog
   296 | D        | Reached skill level 10 in Fighting
   296 | D        | Reached skill level 14 in Axes
   296 | D        | Reached XP level 6. HP: 7/67 MP: 0/5
   306 | D        | Killed a blink frog
   306 | D        | Reached **** piety under Dithmenos
   306 | D        | Reached skill level 15 in Axes
   306 | D        | Reached XP level 7. HP: 36/74 MP: 0/6
   344 | D        | Arena points: 104 (+48) [x4]
   358 | D        | Bought a wavering platinum ring for 45 gold pieces
   358 | D        | Bought a vibrating steel ring for 45 gold pieces
   359 | D        | Identified the ring "Poekhot" {Int+4 SInv} (You bought it
                  | in a shop in the Dungeon)
   360 | D        | Round 4.
   361 | D        | Identified the ring "Ilitul" {Fire rElec Str+3} (You bought
                  | it in a shop in the Dungeon)
   389 | D        | Reached skill level 1 in Dodging
   420 | D        | Noticed a rime drake
   427 | D        | Killed a rime drake
   427 | D        | Reached skill level 5 in Armour
   427 | D        | Reached XP level 8. HP: 62/83 MP: 0/7
   507 | D        | Reached ***** piety under Dithmenos
   514 | D        | Reached skill level 16 in Axes
   517 | D        | Arena points: 244 (+140) [x5]
   558 | D        | Bought an ancient platinum ring for 45 gold pieces
   558 | D        | Identified the ring "Neluaj" {rElec Int+7 Stlth-} (You
                  | bought it in a shop in the Dungeon)
   567 | D        | Round 5.
   571 | D        | Noticed a giant anaconda
   586 | D        | Mangled by a giant anaconda

Skill      XL: |  1  2  3  4  5  6  7  8 |
---------------+-------------------------+-----
Axes           | 4 6 8 11 14 15 16 | 16.2
Fighting       | 4 5 6 8 10 11 12 | 12.4
Armour         | 5 |  5.7
Dodging        | 3 |  3.7
Shields        | |  3.6

Action                   |  1- 3 |  4- 6 |  7- 9 || total
-------------------------+-------+-------+-------++-------
Melee: War axe           |    27 |    28 |    24 ||    79
       Headbutt          |     2 |     6 |     9 ||    17
  Use: Potion            |     1 |     5 |     3 ||     9
Armor: Scale mail        |    15 |     7 |     4 ||    26
Dodge: Dodged            |     7 |     8 |     1 ||    16
Block: Shield            |    11 |    16 |     9 ||    36
